 Dungeon Crawl Stone Soup version 0.21-a0-440-g28109cb (webtiles) character file.

115 slep the Skirmisher (level 4, -2/41 HPs)
             Began as a Minotaur Fighter on Nov 11, 2017.
             Slain by Purgy (7 damage)
             ... on level 3 of the Dungeon.
             The game lasted 00:06:17 (1342 turns).

slep the Skirmisher (Minotaur Fighter)              Turns: 1342, Time: 00:06:17

Health: -2/41      AC:  8    Str: 20    XL:     4   Next: 68%
Magic:  3/3        EV:  7    Int:  5    God:
Gold:   123        SH: 12    Dex: 11    Spells: 3/3 levels left

rFire    . . .     SeeInvis .   s - -2 flail (curse)
rCold    . . .     Gourm    .   c - +0 shield
rNeg     . . .     Faith    .   b - +0 scale mail
rPois    .         Spirit   .   (helmet restricted)
rElec    .         Reflect  +   (no cloak)
rCorr    .         Harm     .   e - +0 pair of gloves
MR       .....                  (no boots)
Stlth    ..........             i - +3 amulet of reflection (curse)
HPRegen  0.13/turn              (no ring)
MPRegen  0.08/turn              (no ring)

@: no status effects
A: retaliatory headbutt, horns 2
a: no special abilities


You were on level 3 of the Dungeon.
You were hungry.

You visited 1 branch of the dungeon, and saw 3 of its levels.

You collected 123 gold pieces.

Inventory:

Hand Weapons
 a - a +0 long sword
 r - a +0 mace of crushing
 s - a cursed -2 flail (weapon)
Armour
 b - a +0 scale mail (worn)
 c - a +0 shield (worn)
 e - a +0 pair of gloves (worn)
Jewellery
 i - a cursed +3 amulet of reflection (around neck)
Scrolls
 g - 3 scrolls of identify {unknown}
 j - a scroll of immolation {unknown}
 k - a scroll of recharging {unknown}
 m - a scroll of teleportation {unknown}
 q - a scroll of magic mapping {unknown}
Potions
 d - a potion of might
 h - a potion of mutation {unknown}
 l - 2 potions of agility {unknown}
 n - 3 potions of brilliance {unknown}
 p - 3 potions of curing {unknown}
Comestibles
 f - 2 bread rations
 o - a meat ration


   Skills:
 + Level 4.4 Fighting
 + Level 4.2 Long Blades
 + Level 4.3 Armour
 + Level 0.1 Dodging
 + Level 4.2 Shields


You had 3 spell levels left.
You didn't know any spells.

Dungeon Overview and Level Annotations

Branches:
Dungeon (3/15)

Altars:
Sif Muna

Annotations:
D:3 Purgy


Innate Abilities, Weirdness & Mutations

You reflexively headbutt those who attack you in melee.
You have a pair of horns on your head.


Message History

Purgy bites you.
* * * LOW HITPOINT WARNING * * *
Purgy claws you but does no damage. x2
Your shield and scale mail prevent you from hitting Purgy.
You headbutt Purgy!
Purgy is severely wounded.
Purgy hisses, "I bite!"
Purgy bites you.
* * * LOW HITPOINT WARNING * * *
Purgy claws you but does no damage. x2
Your shield and scale mail prevent you from hitting Purgy.
Purgy is severely wounded.
You block Purgy's attack. Purgy barely misses you. Purgy closely misses you. x2
You furiously retaliate!
You headbutt Purgy! You block Purgy's attack. Purgy claws you.
* * * LOW HITPOINT WARNING * * *
You barely miss Purgy.
Purgy is severely wounded.
Purgy bites you!
You die...

# ##.#. #######
.....♣♣♣. ....
....≈≈≈P♣##.#
..≈♣≈≈≈P≈T@#
♣≈≈≈PP≈≈≈≈♣#
#≈≈≈≈≈≈≈P≈♣P##
.♣♣PP≈≈≈≈P≈≈P#
≈KP≈♣≈PP♣≈♣♣###
♣♣≈♣PP≈≈♣≈≈≈♣..
♣≈≈PP≈≈≈≈≈≈♣≈# #.#
.# ≈≈P≈≈≈≈≈≈♣≈≈♣♣
#.# .#
≈≈≈≈≈≈≈≈≈≈P♣##.##.#


You could see Purgy.

Vanquished Creatures
  A scorpion (D:2)
  2 oozes (D:1)
  4 worms
  A dart slug (D:2)
  4 leopard geckos
  An orc (D:3)
  A giant cockroach (D:1)
  6 goblins
  4 hobgoblins (D:2)
  2 quokkas (D:2)
  8 bats
  2 frilled lizards
  3 kobolds
  3 rats (D:2)
42 creatures vanquished.

Notes
Turn   | Place    | Note
-------+----------+-------------------------------------------
     0 | D:1      | slep the Minotaur Fighter began the quest for the Orb.
     0 | D:1      | Reached XP level 1. HP: 19/19 MP: 0/0
    62 | D:1      | Reached XP level 2. HP: 27/27 MP: 1/1
   662 | D:2      | Reached XP level 3. HP: 33/33 MP: 2/2
   899 | D:2      | Noticed a scorpion
   909 | D:2      | Killed a scorpion
   909 | D:2      | Reached XP level 4. HP: 19/40 MP: 3/3
  1152 | D:2      | Found a deep blue altar of Sif Muna.
  1321 | D:3      | Noticed Purgy
  1342 | D:3      | Slain by Purgy

Vault maps used:
D:1:      evilmike_arrival_crescent
D:2:      lemuel_blue_sif_altar, minmay_close_crescents
D:3:      lemuel_crystal_altar, serial_bayou_lake_a, uniq_purgy

Skill      XL: |  1  2  3 |
---------------+----------+-----
Fighting       | 4 |  4.4
Armour         | 4 |  4.3
Shields        | 4 |  4.2
Long Blades    | 4 |  4.2
Dodging        | |  0.1

Action                   |  1- 3 |  4- 6 || total
-------------------------+-------+-------++-------
Melee: Long sword        |    62 |    36 ||    98
       Headbutt          |    11 |     7 ||    18
       Flail             |       |    32 ||    32
  Eat: Chunk             |       |     1 ||     1
Armor: Scale mail        |    20 |    35 ||    55
Dodge: Dodged            |    14 |    24 ||    38
Block: Shield            |    38 |    53 ||    91
       Reflection        |     1 |       ||     1
       Rpst.: Long sword |     3 |     2 ||     5

Table legend:
 A = Spawn XP
 B = Non-spawn XP
 C = Spawn XP percentage of total XP
 D = Spawn monster count
 E = Non-spawn monster count
 F = Spawn count percentage of total count
 G = Total turns spent on level
                    A         B        C        D         E        F      G
               +---------+---------+-------+---------+---------+-------+---------
         Total |       0 |     165 |   0.0 |       0 |      42 |   0.0 |  1342
               +---------+---------+-------+---------+---------+-------+---------
           D:1 |       0 |      25 |   0.0 |       0 |       8 |   0.0 |   599
           D:2 |       0 |     125 |   0.0 |       0 |      27 |   0.0 |   617
           D:3 |       0 |      15 |   0.0 |       0 |       7 |   0.0 |   126
               +---------+---------+-------+---------+---------+-------+---------
